 Dungeon Crawl Stone Soup version 0.29.1-2-gbd0b4ee654 (webtiles) character file.

Game seed: 16115531806660229488

723 zermelo the Cleaver (level 7, 0/87 HPs)
             Began as a Minotaur Berserker on Nov 30, 2022.
             Was a Priest of Trog.
             Slain by an orc wizard
             ... wielding a +0 dagger
              (2 damage)
             ... on level 4 of the Dungeon on Dec 1, 2022.
             The game lasted 00:12:00 (3266 turns).

zermelo the Cleaver (Minotaur Berserker)            Turns: 3266, Time: 00:12:01

Health: 0/87       AC: 11    Str: 24    XL:     7   Next: 43%
Magic:  6/6        EV:  6    Int:  4    God:    Trog [***...]
Gold:   160        SH:  0    Dex:  9    Spells: 6/6 levels left

rFire   + . .      SeeInvis .   a - +0 hand axe
rCold   . . .      Faith    .   x - +0 kite shield
rNeg    . . .      Spirit   .   d - +0 chain mail
rPois   .          Reflect  .   (helmet restricted)
rElec   .          Harm     .   l - +1 cloak
rCorr   .          Rampage  .   (no gloves)
Will    .....                   (no boots)
Stlth   ..........              (no amulet)
HPRegen 0.24/turn               h - ring of protection from fire
MPRegen 0.10/turn               (no ring)

@: confused, berserking, very quick
A: horns 2, retaliatory headbutt
a: Renounce Religion, Berserk, Trog's Hand


You were on level 4 of the Dungeon.
You worshipped Trog.
Trog was most pleased with you.
You visited 1 branch of the dungeon, and saw 4 of its levels.

You collected 160 gold pieces.

Inventory:

Hand Weapons
 a - a +0 hand axe (weapon)
 k - the +7 hand axe "Nezuemom" {vorpal, rC+++ Int-5 Dex+2 Stlth-}
   (You found it on level 2 of the Dungeon)

   It inflicts extra damage upon your enemies.
   Int:       It affects your intelligence (-5).
   Dex:       It affects your dexterity (+2).
   rC:        It renders you almost immune to cold.
   Stlth:     It makes you less stealthy.
Armour
 d - a +0 chain mail (worn)
 l - a +1 cloak (worn)
 x - a +0 kite shield (worn)
Jewellery
 h - a ring of protection from fire (left hand)
 u - a ring of positive energy
Wands
 w - a wand of paralysis (13)
Scrolls
 c - 7 scrolls of identify {unknown}
 f - a scroll of vulnerability {unknown}
 j - a scroll of magic mapping {unknown}
 o - a scroll of acquirement {unknown}
 p - a scroll of amnesia {unknown}
 q - a scroll of noise {unknown}
 r - 3 scrolls of immolation {unknown}
 v - a scroll of teleportation {unknown}
 y - a scroll of blinking {unknown}
 z - a scroll of silence {unknown}
Potions
 b - a potion of heal wounds {unknown}
 e - a potion of curing {unknown}
 g - 4 potions of brilliance {unknown}
 i - a potion of mutation {unknown}
 m - a potion of berserk rage {unknown}
 n - a potion of resistance {unknown}
 s - a potion of attraction {unknown}
 t - a potion of might {unknown}
 A - a potion of flight {unknown}


   Skills:
 - Level 3.6 Fighting
 + Level 10.5 Axes
 - Level 2.4 Armour
 - Level 2.2 Dodging


You had 6 spell levels left.
You didn't know any spells.
Your spell library was empty.

Dungeon Overview and Level Annotations

Branches:
Dungeon (4/15)
 Temple: D:4-7

Altars:
Fedhas
Vehumet

Shops:
D:2 (   D:4 :


Innate Abilities, Weirdness & Mutations

You have a pair of horns on your head.
You reflexively headbutt those who attack you in melee.


Message History

You kill the scorpion!
Trog accepts your kill.
The orc priest hits you but does no damage.
Something hits you but does no damage.
You hear some strange, mumbled words.
Something tries to affect you, but you resist.
You slash the orc priest! You headbutt the orc priest.
You kill the orc priest!
Trog accepts your kill.
You closely miss something. You hit something.
Something hits you but does no damage.
You hear some strange, mumbled words.
Something tries to affect you, but you resist.
A red film seems to cover your vision as you go berserk!
You feel yourself moving faster!
You feel mighty! Something hits you but does no damage.
You hear some strange, mumbled words.
A magic dart appears from out of thin air!
The magic dart hits you!
* * * LOW HITPOINT WARNING * * *
You barely miss something. You completely miss something.
Something hits you but does no damage.
You hear some strange, mumbled words.
You are confused.
You miss something. Your headbutt misses something.
You completely miss something. Something hits you but does no damage.
You hear some strange, mumbled words.
A puff of flame appears from out of thin air!
The puff of flame hits you but does no damage.
You closely miss something. x2
You slash something! Trog accepts your kill.
Trog appreciates your killing of a magic user.
Reactivating autopickup.
You feel a bit more experienced.
You miss something.
You hear some strange, mumbled words.
Deactivating autopickup; reactivate with Ctrl-A.
Something tries to affect you, but you resist.
You bump into the rock wall.
Something hits you.
You die...

#........ .... ........
.... .... ....!. ....#
.... .# ..... .... ....
... ...###......##....
#..###..#...# .........
#..........###.........
#....{).)..............
..###)@#...............
###.##..............
#..............#....
....#.........###...)
....####......##....)
..###................
... #................
... #.....##..##.....
##.......##.....#


There were no monsters in sight!

Vanquished Creatures
  Sigmund (D:2)
  A phantom (D:4)
  A scorpion (D:4)
  4 orc priests (D:4)
  Natasha (twice) (D:3)
  3 orc wizards (D:4)
  4 gnolls
  6 adders
  2 worms
  2 dart slugs
  6 orcs (D:4)
  6 ball pythons
  3 endoplasms
  2 giant cockroaches (D:1)
  7 goblins
  5 hobgoblins
  8 jackals
  9 kobolds
  3 quokkas
  4 bats
  4 frilled lizards
  3 rats (D:1)
86 creatures vanquished.

Notes
Turn   | Place    | Note
-------+----------+-------------------------------------------
     0 | D:1      | zermelo the Minotaur Berserker began the quest for the Orb.
     0 | D:1      | Reached XP level 1. HP: 19/19 MP: 0/0
   115 | D:1      | Reached skill level 4 in Axes
   123 | D:1      | Reached XP level 2. HP: 9/27 MP: 1/1
   656 | D:1      | Reached skill level 5 in Axes
   735 | D:2      | Identified the +7 hand axe "Nezuemom" {vorpal, rC+++ Int-5
                  | Dex+2 Stlth-}
   748 | D:2      | Reached XP level 3. HP: 32/33 MP: 2/2
   764 | D:2      | Reached ** piety under Trog
   848 | D:2      | Found a faded altar of an unknown god.
  1073 | D:2      | Reached XP level 4. HP: 38/40 MP: 3/3
  1081 | D:2      | Reached skill level 6 in Axes
  1094 | D:2      | Noticed Sigmund
  1100 | D:2      | Killed Sigmund
  1101 | D:2      | Reached skill level 8 in Axes
  1101 | D:2      | Reached XP level 5. HP: 42/46 MP: 4/4
  1274 | D:2      | Found Qoyschumm's Weapon Shop.
  1523 | D:3      | Reached XP level 6. HP: 51/52 MP: 5/5
  2059 | D:3      | Noticed Natasha
  2072 | D:3      | Killed Natasha
  2524 | D:4      | Found a radiant altar of Vehumet.
  2735 | D:3      | Noticed Natasha
  2753 | D:3      | Killed Natasha
  2876 | D:4      | Reached skill level 9 in Axes
  3012 | D:4      | Found Fecravoy's Self-Improvement Boutique.
  3065 | D:4      | Found a blossoming altar of Fedhas.
  3122 | D:4      | Reached XP level 7. HP: 44/58 MP: 6/6
  3127 | D:4      | Reached *** piety under Trog
  3128 | D:4      | Reached skill level 10 in Axes
  3261 | D:4      | HP: 1/87 [something/magic dart (9)]
  3266 | D:4      | Slain by an orc wizard

Illustrated notes

Levels and vault maps discovered:
D:1:      dpeg_arrival_prison, layout_rooms, minmay_pentomino_w2
D:2:      layout_basic, serial_shops, nicolae_shop_statue_plus,
          ebering_ecumenical_altar_petrified, uniq_sigmund
D:3:      layout_loops_ring, corexii_hall_statues_i, uniq_natasha
D:4:      layout_cave_pools, fedhas_altar_3, vehumet_altar_wand_db,
          nicolae_shop_self_help, uniq_eustachio

Skill      XL: |  1  2  3  4  5  6  7 |
---------------+----------------------+-----
Axes           | 4 5 8 9 10 | 10.5
Fighting       | |  3.6
Armour         | |  2.4
Dodging        | |  2.2

Action                   |  1- 3 |  4- 6 |  7- 9 || total
-------------------------+-------+-------+-------++-------
Melee: Hand axe          |    72 |   120 |    33 ||   225
       Headbutt          |    10 |    12 |     3 ||    25
Invok: Berserk           |       |     1 |     1 ||     2
Armor: Animal skin       |     2 |       |       ||     2
       Chain mail        |    45 |    66 |    52 ||   163
Dodge: Dodged            |    50 |    30 |     8 ||    88
Block: Kite shield       |       |    33 |     4 ||    37
